 Dungeon Crawl Stone Soup version 0.19-a0-1168-g98094fc (webtiles) character file.

385 4thArraOfDagon the Ruffian (level 6, -7/59 HPs)
             Began as a Troll Monk on Aug 15, 2016.
             Was a Believer of Ashenzari.
             Killed by an exploding fulminant prism (38 damage)
             ... created by Xiguana's ghost
             ... on level 5 of the Dungeon.
             The game lasted 00:04:15 (795 turns).

4thArraOfDagon the Ruffian (Troll Monk)              Turns: 795, Time: 00:04:16

Health: -7/59      AC:  5    Str: 20    XL:     6   Next: 48%
Magic:  5/5        EV: 14    Int:  8    God:    Ashenzari [**....]
Gold:   84         SH:  0    Dex: 12    Spells: 0 memorised, 5 levels left

rFire  . . .     SeeInvis .       - Unarmed
rCold  . . .     Gourm    +     a - +0 robe
rNeg   . . .     Faith    .     (no shield)
rPois  .         Spirit   .     (helmet restricted)
rElec  .         Dismiss  .     (no cloak)
rCorr  .         Reflect  .     (gloves unavailable)
MR     .....     Harm     .     (boots unavailable)
Stlth  +.........               (no amulet)
                                (no ring)
                                f - +4 ring of evasion

@: no status effects
A: unfitting armour, claws 3, fast metabolism 3, gourmand, regeneration 2,
shaggy fur 1, tough skin 2
a: Curse Item, Scrying, Renounce Religion


You were on level 5 of the Dungeon.
You worshipped Ashenzari.
Ashenzari was pleased with you.
You were very full.

You visited 2 branches of the dungeon, and saw 7 of its levels.

You collected 84 gold pieces.

Inventory:

Missiles
 n - a throwing net (quivered)
Armour
 a - a +0 robe (worn)
Jewellery
 f - a +4 ring of evasion (left claw)
Wands
 o - a wand of paralysis (13/24)
 p - a wand of flame (20/48)
Scrolls
 d - a scroll of enchant armour {unknown}
 g - a scroll of immolation
 j - a scroll of remove curse
 k - a scroll of fog {unknown}
 l - a scroll of noise {unknown}
Potions
 c - 2 potions of degeneration
 e - a potion of magic {unknown}
 h - 2 potions of curing
 m - a potion of haste {unknown}
Comestibles
 b - 2 bread rations


   Skills:
 - Level 2.4 Fighting
 - Level 2.4 Dodging
 - Level 1.1 Stealth
 * Level 7.4 Unarmed Combat


You had 5 spell levels left.
You didn't know any spells.

Dungeon Overview and Level Annotations

Branches:
Dungeon (6/15)             Temple (1/1) D:6

Altars:
Ashenzari
Nemelex Xobeh
Sif Muna
Vehumet
Xom

Shops:
D:4 }

Annotations:
D:2 Sigmund
D:3 Robin
D:5 Xiguana's ghost, novice TeCj


Innate Abilities, Weirdness & Mutations

You are too large for most types of armour.
You have claws for hands.
Your metabolism is lightning-fast.
You like to eat raw meat.
You heal very quickly.
You are covered in fur. (AC +1)
You have very tough skin. (AC +2)


Message History

A fulminant prism comes into view.
Xiguana's ghost gestures next to you while chanting.
Xiguana's ghost conjures a prism of explosive energy!
The fulminant prism crackles loudly.
A fulminant prism comes into view.
You claw the fulminant prism!
The fulminant prism is severely damaged.
The ice beast completely misses you.
Unknown command.
You barely miss the ice beast.
The ice beast is severely wounded.
The fulminant prism crackles loudly.
The fulminant prism explodes!
The blast of energy engulfs the ice beast.
The ice beast dies!
The blast of energy engulfs the fulminant prism.
The fulminant prism explodes!
The blast of energy engulfs you! x2
Ouch! That really hurt!
You die...

#.# #.## ,.#
#.# #.# *,.#
,
###########.#
#.# *,, * ,
#.......(...#
#.# *,
#.###########
#.# #.# #.#
#.# #W# #.#
#.### #%#
#@..#* , #.#
#.#....... *
#.#
#......... .
# #.#
##...#####
... # #.# ###
..## ....#
#.########.##
..# , ....
#.........#.#
..# , ....
##########.##
*..# * #
#.######. #


You could see Xiguana's ghost.

Vanquished Creatures
  Eustachio (D:4)
  A sky beast (D:6)
  Jessica (D:2)
  A worker ant (D:5)
  5 gnolls
  2 adders
  A giant gecko (D:3)
  7 orcs
  A ball python (D:2)
  4 goblins (D:3)
  A hobgoblin (D:3)
  4 kobolds
  A quokka (D:4)
  A giant newt (D:3)
  A quokka skeleton (D:4)
  4 rats (D:3)
36 creatures vanquished.

Vanquished Creatures (others)
  An ice beast (D:5)
  2 fulminant prisms (D:5)
3 creatures vanquished.

Grand Total: 39 creatures vanquished

Notes
Turn   | Place    | Note
-------+----------+-------------------------------------------
     0 | D:1      | 4thArraOfDagon the Troll Monk began the quest for the Orb.
     0 | D:1      | Reached XP level 1. HP: 22/22 MP: 0/0
    17 | D:1      | Reached XP level 2. HP: 14/29 MP: 1/1
   184 | D:2      | Noticed Jessica
   206 | D:2      | Killed Jessica
   206 | D:2      | Reached skill level 4 in Unarmed Combat
   206 | D:2      | Reached XP level 3. HP: 17/36 MP: 2/2
   287 | D:3      | Noticed Robin
   315 | D:2      | Noticed Sigmund
   379 | D:3      | Reached XP level 4. HP: 42/44 MP: 3/3
   387 | D:3      | Reached skill level 5 in Unarmed Combat
   422 | D:4      | Noticed Eustachio
   447 | D:4      | Killed Eustachio
   447 | D:4      | Reached skill level 6 in Unarmed Combat
   447 | D:4      | Reached XP level 5. HP: 41/50 MP: 4/4
   533 | D:4      | Found Deloipu's Gadget Shoppe.
   563 | D:5      | Entered Level 5 of the Dungeon
   576 | D:6      | Found a staircase to the Ecumenical Temple.
   579 | D:6      | Noticed a sky beast
   590 | D:6      | Killed a sky beast
   590 | D:6      | Reached skill level 7 in Unarmed Combat
   590 | D:6      | Reached XP level 6. HP: 59/59 MP: 5/5
   595 | Temple   | Entered the Ecumenical Temple
   612 | Temple   | Became a worshipper of Ashenzari the Shackled
   612 | Temple   | Reached * piety under Ashenzari
   612 | Temple   | Reached ** piety under Ashenzari
   770 | D:5      | Noticed an ice beast
   770 | D:5      | Noticed Xiguana's ghost (novice TeCj)
   795 | D:5      | Killed an ice beast
   795 | D:5      | Killed by an exploding fulminant prism

Vault maps used:
D:1:      dpeg_arrival_stonehenge_8_columns, minmay_stone_trees_small
D:2:      first_bread, uniq_sigmund, uniq_jessica
D:3:      grunt_decor_one_mirror, kennysheep_pointless_box,
          serial_bayou_crossing, uniq_robin
D:4:      serial_shops, nicolae_shop_crystal,
          nicolae_shop_temple_entry_statues_fountains, shop,
          fedhas_bush_and_centaur_altar, uniq_eustachio
D:5:      solitary_fountain
D:6:      basic_altar, kennysheep_dice
Temple:   minmay_crystal_snake_temple

Skill      XL: |  1  2  3  4  5 |
---------------+----------------+-----
Unarmed Combat | 4 6 7 |  7.4
Fighting       | |  2.4
Dodging        | |  2.4
Stealth        | |  1.1

Action                   |  1- 3 |  4- 6 || total
-------------------------+-------+-------++-------
Melee: Unarmed           |    60 |    60 ||   120
       Punch             |     1 |     4 ||     5
  Use: Potion            |     2 |       ||     2
       Scroll            |       |     4 ||     4
 Stab: Sleeping          |     1 |       ||     1
  Eat: Chunk             |     8 |     2 ||    10
       Royal jelly       |       |     1 ||     1
Armor: Robe              |    13 |     8 ||    21
Dodge: Dodged            |    34 |    40 ||    74
